AoeStats
← TIMVP

Arabia

508714588Analyzed
3v3 RM · 8d ago on Sep 23, 2026· 57m 21s· 6 players
Game mode
Random Map
Map size
Normal (6 player)
Population
200
Speed
Normal
Resources
Standard
Victory
Conquest
Starting age
Dark Age
Ending age
Imperial Age
RankedLock teamsTeams togetherTeam positionsShared explorationLock speedFull tech treeHidden civsTurbo modeCheats
Victory
Defeat
🇸🇪 Magyars · Sweden
773
+14
🇸🇪 Malians · Sweden
758
+15
🇨🇭 Inca · Switzerland
644
+20
🇵🇪 Romans · Peru
759
-17
🇵🇪 Saracens · Peru
749
-17
🇨🇱 Magyars · Chile
695
-15
TIMVP
1:56 Loom
11:34 Feudal Age
12:03 Double-Bit Axe
15:11 Man-at-Arms
25:46 Wheelbarrow
28:26 Castle Age
28:29 Gold Mining
28:40 Pikeman
29:21 Squires
32:21 Scale Mail Armor
35:06 Chain Mail Armor
39:34 Forging
40:51 Iron Casting
46:38 Imperial Age
46:26 Ballistas
46:44 Long Swordsman
48:14 Halberdier
A†ilA
10:50 Feudal Age
12:08 Wheelbarrow
11:41 Double-Bit Axe
18:00 Horse Collar
21:44 Loom
22:17 Scale Mail Armor
27:43 Castle Age
26:26 Bloodlines
32:46 Imperial Age
34:33 Forging
34:51 Hand Cart
37:37 Bow Saw
39:44 Conscription
42:07 Fletching
42:18 Padded Archer Armor
44:41 Onager
48:16 Chemistry
50:08 Bimaristan
50:13 Counterweights
Takhyom
5:32 Loom
10:42 Feudal Age
13:58 Bloodlines
18:05 Double-Bit Axe
18:27 Scale Barding Armor
22:38 Man-at-Arms
29:34 Castle Age
29:57 Horse Collar
29:44 Pikeman
31:30 Chain Barding Armor
31:26 Bow Saw
31:39 Husbandry
34:15 Corvinian Army
33:56 Light Cavalry
41:22 Heavy Plow
41:27 Scale Mail Armor
44:13 Imperial Age
41:36 Fletching
42:57 Padded Archer Armor
Shukrullah
12:21 Feudal Age
13:57 Horse Collar
14:03 Double-Bit Axe
16:37 Arson
16:55 Scale Mail Armor
17:39 Forging
24:23 Castle Age
25:46 Pikeman
26:27 Squires
27:06 Chain Mail Armor
27:27 Iron Casting
34:01 Wheelbarrow
38:13 Imperial Age
36:36 Heavy Plow
39:40 Hand Cart
39:04 Elite Gbeto
40:07 Conscription
48:21 Plate Mail Armor
Vachacorne
2:58 Loom
11:55 Feudal Age
13:15 Horse Collar
13:21 Double-Bit Axe
13:30 Gold Mining
13:31 Champi Runner
20:00 Castle Age
18:27 Scale Mail Armor
18:42 Stone Mining
20:26 Pikeman
23:33 Heavy Plow
23:44 Bow Saw
23:55 Squires
24:24 Champi Warrior
30:08 Thumb Ring
32:39 Andean Sling
33:52 Wheelbarrow
37:50 Imperial Age
36:12 Chain Mail Armor
35:58 Padded Archer Armor
35:50 Fletching
38:33 Caravan
38:13 Elite Kamayuk
39:00 Fabric Shields
39:21 Conscription
40:44 Crop Rotation
40:40 Ballistics
41:21 Chemistry
40:18 Murder Holes
41:36 Bodkin Arrow
41:59 Leather Archer Armor
41:35 Arson
42:45 Elite Champi Warrior
Center <3
5:55 Loom
10:18 Feudal Age
11:02 Double-Bit Axe
13:03 Bloodlines
14:17 Horse Collar
18:11 Scale Barding Armor
19:27 Gold Mining
23:15 Castle Age
23:06 Scale Mail Armor
24:31 Chain Barding Armor
23:33 Light Cavalry
24:14 Husbandry
28:07 Bow Saw
28:10 Heavy Plow
30:44 Wheelbarrow
29:59 Town Watch
31:41 Gold Shaft Mining
30:57 Stone Mining
32:03 Fletching
34:00 Bodkin Arrow
34:51 Hand Cart
35:20 Town Patrol
34:47 Pikeman
36:12 Padded Archer Armor
35:34 Crossbowman
36:20 Thumb Ring
37:42 Leather Archer Armor
43:15 Caravan
42:51 Elite Skirmisher
48:10 Imperial Age
46:40 Corvinian Army
49:15 Conscription
51:13 Plate Barding Armor
50:39 Bracer
51:51 Hussar
53:44 Plate Barding Armor
53:09 Bracer
53:40 Ring Archer Armor
56:52 Chain Mail Armor
Connection lost

Rejoining the realm…

Still unreachable

The connection could not be restored.

Session expired

The server has moved on; the page needs a fresh start.